 Dungeon Crawl Stone Soup version 0.18-a0-1405-g73f4075 (webtiles) character file.

231 MartinZepigue the Grasshopper (level 5, 44/44 HPs)
             Began as a Draconian Warper on Sept 19, 2015.
             Was a Follower of Qazlal.
             Quit the game on level 4 of the Dungeon on Feb 24, 2016.
             The game lasted 00:44:31 (4897 turns).

MartinZepigue the Grasshopper (Draconian Warper)    Turns: 4897, Time: 00:44:31

Health: 44/44      AC:  5    Str: 14      XL:     5   Next: 72%
Magic:  8/8        EV: 12    Int: 13 (14) God:    Qazlal [*.....]
Gold:   208        SH:  8    Dex: 10      Spells: 3 memorised, 3 levels left

rFire  . . .     SeeInvis +     r - +0 hand axe
rCold  . . .     Gourm    .     (armour unavailable)
rNeg   . . .     Faith    .     A - +3 buckler
rPois  .         Spirit   .     (helmet restricted)
rElec  .         Dismiss  +     (no cloak)
rCorr  .         Reflect  .     (no gloves)
SustAt .         Harm     .     (no boots)
MR     .....                    B - amulet of dismissal
Stlth  +.........               (no ring)
                                y - ring of see invisible

@: not resistant to hostile enchantments, very unstealthy
A: unfitting armour, cold-blooded, AC +5
a: Renounce Religion


You were on level 4 of the Dungeon.
You worshipped Qazlal.
Qazlal was aware of your devotion.
You were not hungry.

You visited 1 branch of the dungeon, and saw 4 of its levels.

You collected 208 gold pieces.

Inventory:

Hand Weapons
 a - a +0 falchion
 m - a +0 short sword
 n - a +0 hand axe
 q - a +0 dagger
 r - a +0 hand axe (weapon)
Missiles
 d - 4 tomahawks of dispersal (quivered)
 g - 23 sling bullets of frost
 j - 46 sling bullets
 p - 103 stones
 s - 5 tomahawks
 t - 17 poisoned bolts
 x - 44 arrows
Armour
 A - a +3 buckler (worn)
Jewellery
 w - an uncursed amulet of harm
 y - a ring of see invisible (left hand)
 B - an amulet of dismissal (around neck)
Scrolls
 c - 2 scrolls of blinking
 f - 2 scrolls of remove curse
 h - 2 scrolls of fog
 i - a scroll of identify
 k - a scroll of magic mapping
 v - 4 scrolls of recharging
 z - a scroll of enchant armour
Potions
 l - a potion of curing
Books
 b - a book of Spatial Translocations

   Spells                             Type                      Level
   a - Apportation                    Translocation                1
   b - Blink                          Translocation                2
   c - Shroud of Golubria             Charms/Translocation         2
   d - Portal Projectile              Translocation                3
   e - Teleport Other                 Translocation                3
   f - Passage of Golubria            Translocation                4
Comestibles
 e - a bread ration
 u - a meat ration


   Skills:
 + Level 2.8 Fighting
 + Level 2.2 Long Blades
 + Level 1.6 Axes
 + Level 0.8 Throwing
 + Level 3.5 Dodging
 + Level 1.0 Stealth
 + Level 1.0 Shields
 + Level 2.4 Spellcasting
 + Level 3.6 Translocations
 * Level 2.0 Invocations


You had 3 spell levels left.
You knew the following spells:

 Your Spells              Type           Power        Failure   Level  Hunger
a - Apportation           Tloc           ##........   10%         1    #......
b - Blink                 Tloc           N/A          14%         2    ###....
c - Shroud of Golubria    Chrm/Tloc      #.........   30%         2    ###....


Dungeon Overview and Level Annotations

Branches:
Dungeon (4/15)
 Temple: D:4-7

Altars:
Elyvilon
Fedhas
Kikubaaqudgha
Nemelex Xobeh
Qazlal
Sif Muna
Zin


Innate Abilities, Weirdness & Mutations

Your plain brown scales are hard (AC +5).
Your body does not fit into most forms of armour.
You are cold-blooded and may be slowed by cold attacks.


Message History

Unknown command.
Number of times to repeat, then command key:
Okay, then.
Inscribe with what?
Okay, then.
Welcome back, MartinZepigue the Draconian Warper.
Qazlal says: Let the forces of nature tear it all down!
Press ? for a list of commands and other information.
Unknown command.
Unknown command.
Unknown command.
Number of times to repeat, then command key: You must enter the number of times for the command to repeat.
Number of times to repeat, then command key: You must enter the number of times for the command to repeat.
Welcome back, MartinZepigue the Draconian Warper.
Qazlal says: Let the forces of nature tear it all down!
Press ? for a list of commands and other information.
Are you sure you want to abandon this character and quit the game? (Confirm with "yes".)

#########
################........
................>.......
......##.......#........
........................
.Z........##............
.......ยง..##............
###...@..##.#########.#
#......##.# #.#
#..?..!##.. .<#
#.../..#### #### #......#
# ##.##################
##.. #. #..............
#... #.# #.......#######
#...######
#.####.......##


You could see a ball python skeleton (dormant).

Vanquished Creatures
  An ogre (D:4)
  A hound skeleton (D:4)
  4 gnolls (D:3)
  4 adders
  An ooze (D:4)
  A worm (D:3)
  3 orcs (D:3)
  A ball python (D:3)
  5 giant cockroaches
  7 hobgoblins
  2 quokkas
  5 bats
  3 giant geckos
  4 giant newts
  5 goblins
  2 jackals (D:2)
  5 kobolds
  5 rats
59 creatures vanquished.

Notes
Turn   | Place    | Note
--------------------------------------------------------------
     0 | D:1      | MartinZepigue the Draconian Warper began the quest for the Orb.
     0 | D:1      | Reached XP level 1. HP: 17/17 MP: 3/3
   802 | D:1      | Reached XP level 2. HP: 25/25 MP: 5/5
   811 | D:1      | Learned a level 2 spell: Blink
   814 | D:1      | Learned a level 2 spell: Shroud of Golubria
  1319 | D:2      | Found a stormy altar of Qazlal.
  1326 | D:2      | Became a worshipper of Qazlal Stormbringer
  1788 | D:2      | Reached XP level 3. HP: 18/30 MP: 6/6
  2218 | D:2      | Found a glowing silver altar of Zin.
  2225 | D:2      | Found a white marble altar of Elyvilon.
  2260 | D:2      | Found a blossoming altar of Fedhas.
  2260 | D:2      | Found an ancient bone altar of Kikubaaqudgha.
  2362 | D:2      | Found a sparkling altar of Nemelex Xobeh.
  2866 | D:3      | Reached skill level 1 in Axes
  3085 | D:3      | Reached XP level 4. HP: 37/37 MP: 7/7
  3308 | D:3      | Reached skill level 1 in Invocations
  4280 | D:3      | Reached piety under Qazlal
  4522 | D:4      | Noticed an ogre
  4538 | D:4      | Killed an ogre
  4538 | D:4      | Reached skill level 1 in Stealth
  4538 | D:4      | Reached skill level 1 in Shields
  4538 | D:4      | Reached XP level 5. HP: 20/42 MP: 8/8
  4810 | D:4      | Found a deep blue altar of Sif Muna.
  4897 | D:4      | Upgraded the game from 0.17-a0-1850-g688e747 to 0.18-a0-971-g0af6217
  4897 | D:4      | Upgraded the game from 0.18-a0-971-g0af6217 to 0.18-a0-1312-gf98331d
  4897 | D:4      | Upgraded the game from 0.18-a0-1312-gf98331d to 0.18-a0-1405-g73f4075
  4897 | D:4      | Quit the game

Vault maps used:
D:1:      arrival_zaba_pyramid
D:2:      grunt_temple_overflow_growth_and_decay,
          nemelex_xobeh_ov_fountains_minmay, minitemple,
          nicolae_overflow_crystal_walls
D:3:      serial_glass, glass_columns_a, glass_columns_b,
          minmay_misc_feat_hallway, hangedman_decor_slide_cut,
          guppyfry_early_orc_mine
D:4:      old_standard_altar, kennysheep_generic_room_12

Skill      XL: |  1  2  3  4 |
---------------+-------------+-----
Axes           | 1 |  1.6
Invocations    | 1 |  2.0
Stealth        | 1 |  1.0
Shields        | 1 |  1.0
Fighting       | |  2.8
Long Blades    | |  2.2
Throwing       | |  0.8
Dodging        | |  3.5
Spellcasting   | |  2.4
Translocations | |  3.6

Action                   |  1- 3 |  4- 6 || total
-------------------------+-------+-------++-------
Melee: Falchion          |    16 |       ||    16
       Hand axe          |   128 |   152 ||   280
Throw: Tomahawk          |       |     1 ||     1
 Cast: Apportation       |     3 |       ||     3
       Blink             |       |     4 ||     4
       Shroud of Golubri |       |     1 ||     1
  Use: Scroll            |     5 |     4 ||     9
       Potion            |     4 |     1 ||     5
 Stab: Sleeping          |     2 |     1 ||     3
  Eat: Bread ration      |     2 |       ||     2
       Chunk             |     1 |       ||     1
       Meat ration       |       |     1 ||     1
